Unix NetHack Version 5.0.0-0 post-release - last build Jun 10 2026 00:39:30 (3ee93aec679c4c4259841fe613dc97188e26a321,branch:main).

Game began 2026-06-14 18:25:12, ended 2026-06-14 18:33:24.

IanCurtis, chaotic male elven Wizard

             --------     -----       --------
 ------      |......|     |...[####   |......|            -----------
 |????|      |......|     |...|   ####|.......#         ##..*.......|
 |????|      |....%.|     |...|      #.......|          # |.{.......|
 |?+??|     #-......-#    |...|       |.^^....#         # |.........|
 |????|     #|......|#    |...|       --------#         # ---------|-
 |?+??|     #|....`.|#    --.--               #         #          #
  ....|     #-----|--#      #                 ##        #          #
   -|-      #     ^  #      #########          #        #   ########
    #       ##       #              #@         #       ##  -.---
    ###      #       ##              k         ##      ####....|
      ###    #        #              ##        #       #   |...|
  ------.----#        #               ###      #          #-..>|
  |.........|#        #   -------------.--     #        ###|.`.|
  |...).<....#        #%##|..............|    ###     # #  -----
  |.........|            #|..............|     #--.--####
  -----------            #...............|     #|...|##
                          |..............|     #.....#
                          ----------------      -+---

IanCurtis the Conjurer    St:12 Dx:11 Co:15 In:17 Wi:10 Ch:13  Chaotic
Dlvl:4  $:48 HP:0(19) Pw:24(37) AC:8  Xp:3 T:1656 

Latest messages:
 You find an arrow trap.
 In what direction? h
 That arrow trap is difficult to disarm.
 In what direction? h
 Whoops...
 An arrow shoots out at you!
 You are hit by an arrow!
 D - a food ration.
 You have extreme difficulty lifting a barbarian corpse.  Continue? [ynq] (q) y
 You have extreme difficulty lifting E - a barbarian corpse.
 You can barely move a handspan with this load!
 What do you want to drop? [$a-oq-svwzAC-E or ?*] E
 You drop a barbarian corpse.
 Your movements are now unencumbered.
 You hear the footsteps of a guard on patrol.
 That door is closed.
 The door opens.
 That door is closed.
 The door opens.
 You see here 4 gold pieces.
 $ - 4 gold pieces (48 in total).
 You see here a fizzy potion.
 C - a fizzy potion (2 in total).
 In what direction? h
 The statue shatters.
 You see here 50 rocks.
 You descend the stairs.
 In what direction? j
 The spell hits the dwarf!
 The dwarf wields a broad pick!
 The broad pick welds itself to the dwarf's hands!
 In what direction? j
 The spell misses the dwarf.
 You miss the dwarf.
 In what direction? j
 The spell misses the dwarf.
 The dwarf swings his broad pick.
 The dwarf hits!
 You miss the dwarf.
 The dwarf swings his broad pick.
 The dwarf hits!
 You climb up the stairs.
 You remember this level as vault.
 The kobold lord hits!
 In what direction? j
 The spell hits the kobold lord!
 The kobold lord hits!
 You die...
 Do you want your possessions identified? [ynq] (y) y
 Do you want to see your attributes? [ynq] (y) q

Inventory:
 Coins    ('$')
  $ - 48 gold pieces
 Weapons  (')')
  a - a blessed +1 quarterstaff (weapon in hands)
 Armor    ('[')
  s - an uncursed +0 orcish helm (being worn)
  b - an uncursed +0 cloak of magic resistance (being worn)
 Comestibles  ('%')
  z - 3 uncursed food rations
  D - a cursed food ration
  A - an uncursed tripe ration
 Scrolls  ('?')
  i - a blessed scroll of confuse monster
  o - an uncursed scroll of confuse monster
  r - a cursed scroll of light
  q - a blessed scroll of remove curse
  j - 2 uncursed scrolls of scare monster
 Spellbooks  ('+')
  l - an uncursed spellbook of cause fear
  k - a blessed spellbook of force bolt
 Potions  ('!')
  w - 2 blessed potions of healing
  h - an uncursed potion of healing
  f - an uncursed potion of invisibility
  g - an uncursed potion of paralysis
  C - 2 uncursed potions of sickness
 Rings    ('=')
  d - an uncursed +4 ring of gain strength
  e - an uncursed ring of poison resistance
 Wands    ('/')
  c - a wand of secret door detection (0:13)
 Tools    ('(')
  n - an uncursed tooled horn
  v - an uncursed blindfold
  m - a magic marker (0:21)

IanCurtis the Wizard's attributes:

Background:
 You were a Conjurer, a level 3 male elven Wizard.
 You were chaotic, on a mission for Anhur
 who was opposed by Ptah (lawful) and Thoth (neutral).
 You were right-handed.
 You were in the Dungeons of Doom, on level 4.
 You entered the dungeon 1656 turns ago.
 There was a new moon in effect when your adventure ended.
 You had 74 experience points, 6 more were needed to attain level 4.

Basics:
 You had 0 out of 19 hit points.
 You had 24 out of 37 energy points (spell power).
 Your armor class was 8.
 Your wallet contained 48 zorkmids.
 Autopickup was off.

Final Characteristics:
 Your strength was 12 (limit:18).
 Your dexterity was 11 (limit:18).
 Your constitution was 15 (limit:16).
 Your intelligence was 17 (limit:20).
 Your wisdom was 10 (limit:20).
 Your charisma was 13 (limit:18).

Final Status:
 You weren't hungry.
 You were unencumbered.
 You were wielding a quarterstaff.
 You had basic skill with quarterstaff.

Final Attributes:
 You were devoutly aligned.
 You were magic-protected.
 You had infravision.
 You were warded.
 You are dead.

Miscellaneous:
 You didn't encounter any bones levels.
 Total elapsed playing time was 7 minutes and 12 seconds.

Major events:
 Turn
    1: IanCurtis the chaotic male elven Wizard entered the dungeon
 1166: attained the rank of Conjurer (level 3)
 1656: killed by a kobold lord

Spells:
 Name                 Level Category     Fail Retention
 force bolt             1   attack         0%  91%-100%
 cause fear             3   enchantment    0%  91%-100%

Skills:
 Fighting Skills
   bare handed combat [Unskilled]
   riding             [Unskilled]
 Weapon Skills
   dagger             [Unskilled]
   knife              [Unskilled]
   axe                [Unskilled]
   short sword        [Unskilled]
   club               [Unskilled]
   mace               [Unskilled]
   quarterstaff       [Basic]
   polearms           [Unskilled]
   spear              [Unskilled]
   trident            [Unskilled]
   sling              [Unskilled]
   dart               [Unskilled]
   shuriken           [Unskilled]
 Spellcasting Skills
   attack spells      [Basic]
   healing spells     [Unskilled]
   divination spells  [Unskilled]
   enchantment spells [Basic]
   clerical spells    [Unskilled]
   escape spells      [Unskilled]
   matter spells      [Unskilled]

Voluntary challenges:
 Character rerolling was not enabled.
 You were illiterate.
 You never genocided any monsters.
 You never polymorphed an object.
 You never changed form.
 You used no wishes.
Achievements:
 You entered a shop.
 You attained the rank of Conjurer.

 The Dungeons of Doom: levels 1 to 5
    Level 1:
       A fountain, a sink.
    Level 2:
       A potion shop, an altar.
    Level 3:
       Some fountains, a grave.
    Level 4: "vault" <- You were here.
       A scroll shop, a fountain.
       Final resting place for
          you, killed by a kobold lord.
    Level 5:


Vanquished creatures:
  a shrieker
  a dwarf zombie
  3 large kobolds
  a hobgoblin
  a yellow mold
  a gecko
  2 jackals
  2 kobolds
  a goblin
  4 grid bugs
  3 lichens
  2 kobold zombies
  4 newts
26 creatures vanquished.

No species were genocided or became extinct.

Game over:
                       ----------
                      /          \
                     /    REST    \
                    /      IN      \
                   /     PEACE      \
                  /                  \
                  |    IanCurtis     |
                  |      48 Au       |
                  |   killed by a    |
                  |   kobold lord    |
                  |                  |
                  |                  |
                  |       2026       |
                 *|     *  *  *      | *
        _________)/\\_//(\/(/\)/\//\/|_)_______

Goodbye IanCurtis the Wizard...

You died in The Dungeons of Doom on dungeon level 4 with 540 points,
and 48 pieces of gold, after 1656 moves.
You were level 3 with a maximum of 19 hit points when you died.

